 Dungeon Crawl Stone Soup version 0.17-a0-1647-gb11a595 (webtiles) character file.

4784 Nakatomy the Nimble (level 10, -1/56 HPs)
             Began as a Deep Elf Wizard on Aug 12, 2015.
             Was a Follower of Kikubaaqudgha.
             Slain by a warg (11 damage)
             ... on level 9 of the Dungeon.
             The game lasted 01:27:09 (14464 turns).

Nakatomy the Nimble (Deep Elf Wizard)              Turns: 14464, Time: 01:27:09

Health: -1/56      AC:  8    Str:  4    XL:     10   Next: 24%
Magic:  2/25       EV: 19    Int: 27    God:    Kikubaaqudgha [*.....]
Gold:   253        SH:  0    Dex: 13    Spells: 10 memorised, 4 levels left

rFire  . . .     SeeInvis .     j - +0 short sword
rCold  . . .     Clarity  .     u - +1 robe {rN+}
rNeg   + . .     SustAt   .     (no shield)
rPois  +         Gourm    .     b - +1 hat
rElec  .         Spirit   .     (no cloak)
rCorr  .         Warding  .     B - +2 pair of gloves {archery}
rMut   .         Stasis   .     J - +0 pair of boots
MR     +....                    v - amulet of regeneration
Stlth  ++........               y - ring of poison resistance
                                t - ring of flight

@: repel missiles, somewhat resistant to hostile enchantments, unstealthy
A: no striking features
a: Receive Corpses, Renounce Religion, Evoke Flight


You were on level 9 of the Dungeon.
You worshipped Kikubaaqudgha.
Kikubaaqudgha was aware of your devotion.
You were not hungry.

You visited 2 branches of the dungeon, and saw 10 of its levels.
You also visited: Ossuary.

You collected 529 gold pieces.
You spent 276 gold pieces at shops.

Inventory:

Hand weapons
 j - a +0 short sword (weapon)
 s - a +1 vampiric hand axe
Armour
 b - a +1 hat (worn)
 f - the +1 leather armour "Urruy" {Dex+4}
   (You bought it in a shop on level 6 of the Dungeon)

   It affects your dexterity (+4).
 g - a +1 pair of gloves
 u - a +1 robe of positive energy (worn)
 B - a +2 pair of gloves of archery (worn)
 J - a +0 pair of boots (worn)
Jewellery
 t - a ring of flight (left hand)
 v - an amulet of regeneration (around neck)
 y - a ring of poison resistance (right hand)
 G - an uncursed amulet of warding
Magical devices
 h - a wand of magic darts (40)
 z - a wand of confusion (25)
Scrolls
 e - 2 scrolls of remove curse
 i - 4 scrolls of identify
 n - 2 scrolls of random uselessness
 p - 4 scrolls of teleportation
 I - a scroll of enchant armour
Potions
 a - 3 potions of lignification
 l - a potion of agility {unknown}
 m - a potion of ambrosia {unknown}
 q - 3 potions of flight {unknown}
 r - 4 potions of poison {unknown}
 w - a potion of degeneration {unknown}
 x - a potion of invisibility {unknown}
 A - 2 potions of heal wounds
 C - a potion of cancellation {unknown}
 D - 3 potions of brilliance {unknown}
 F - a potion of curing
 K - a potion of berserk rage {unknown}
 L - 2 potions of haste {unknown}
 M - a potion of might {unknown}
Books
 c - a book of Minor Magic

   Spells                             Type                      Level
   a - Magic Dart                     Conjuration                  1
   b - Blink                          Translocation                2
   c - Call Imp                       Summoning                    2
   d - Repel Missiles                 Charms/Air                   2
   e - Slow                           Hexes                        2
   f - Conjure Flame                  Conjuration/Fire             3
   g - Mephitic Cloud                 Conjuration/Poison/Air       3
 k - Kikubaaqudgha's Papyrus of Evil
   (Kikubaaqudgha gifted it to you on level 8 of the Dungeon)

   Spells                             Type                      Level
   a - Animate Skeleton               Necromancy                   1
   b - Corpse Rot                     Necromancy                   2
   c - Sublimation of Blood           Necromancy                   2
   d - Regeneration                   Charms/Necromancy            3
   e - Control Undead                 Necromancy                   4
 E - a Grand Grimoire

   Spells                             Type                      Level
   a - Monstrous Menagerie            Summoning                    6
   b - Summon Greater Demon           Summoning                    7
   c - Malign Gateway                 Summoning/Translocation      7
   d - Summon Horrible Things         Summoning                    8
Comestibles
 d - 5 bread rations
 o - a royal jelly
 H - 6 slices of pizza
 N - 4 chunks of flesh


   Skills:
 + Level 3.5 Fighting
 - Level 11.8 Dodging
 - Level 2.4 Stealth
 - Level 9.6 Spellcasting
 - Level 7.2 Conjurations
   Level 1.1 Summonings
 + Level 5.6 Necromancy
 - Level 1.1 Translocations


You had 4 spell levels left.
You knew the following spells:

 Your Spells              Type           Power        Failure   Level  Hunger
a - Magic Dart            Conj           ####         1%          1    None
b - Conjure Flame         Conj/Fire      ####....     2%          3    None
c - Mephitic Cloud        Conj/Pois/Air  ####....     6%          3    None
d - Slow                  Hex            ##......     10%         2    None
e - Blink                 Tloc           N/A          4%          2    None
f - Repel Missiles        Chrm/Air       ##....       10%         2    None
g - Corpse Rot            Necr           N/A          1%          2    None
h - Regeneration          Chrm/Necr      ####......   4%          3    None
i - Sublimation of Blood  Necr           #####.....   1%          2    None
j - Control Undead        Necr           #####.....   4%          4    None


Dungeon Overview and Level Annotations

Branches:
Dungeon (9/15)             Temple (1/1) D:6             Orc (0/4) D:9
   Lair: D:8-11

Altars:
Ashenzari
Cheibriados
Dithmenos
Elyvilon
Fedhas
Gozag
Kikubaaqudgha
Makhleb
Nemelex Xobeh
Okawaru
Qazlal
Ru
Sif Muna
Trog
Vehumet
Xom
Yredelemnul
Zin

Shops:
D:5 }   D:6 [   D:9 *

Annotations:
D:2 Ijyb
D:8 4 runed doors, exclusions: 3 doors and 1 more exclusion
D:9 Erolcha


Message History

Aiming: Magic Dart
Press: ? - help, Shift-Dir - straight line, f/p - warg
Aim: a warg (severely wounded)
The magic dart hits the warg.
The warg is severely wounded.
The warg bites you! The warg bites you.
You barely miss the warg.
The warg is severely wounded.
The warg closely misses you.
You closely miss the warg.
The warg is severely wounded.
The warg bites you!
* * * LOW HITPOINT WARNING * * *
The warg misses you.
Drink which item? (? for menu, Esc to quit)
Okay, then.
Unknown command.
The warg bites you!
You die...
Kikubaaqudgha rasps: "You have failed me!
Welcome... death!"

##...#.'.........##
#.....#..........#
#.....##'######..#
#####.....#####..#
#.....+..#...#.##
#.....#..'......#
#.....##.##+##.## .
###....#.##.##+# ..
#....†..h@...# .#.
#....#.......+
....#....#########
..>..##.........
......#.........
..#..'......... .
####∩........
##########


You could see a warg.

Vanquished Creatures
  A human (D:7)
  A wyvern (D:6)
  3 wargs (D:9)
  2 soldier ants (D:6)
  A water moccasin (D:5)
  3 sky beasts
  2 ice beasts (D:8)
  A phantom (D:6)
  A black bear (D:7)
  3 ogres
  2 centaurs (D:7)
  A big kobold (D:7)
  4 giant frogs
  4 water moccasin zombies (Ossuary)
  2 scorpions (D:6)
  A water moccasin skeleton (D:6)
  4 wights (D:7)
  2 centaur zombies
  5 crimson imps
  A giant frog zombie (D:6)
  5 hounds
  A centaur skeleton (D:7)
  A jelly (D:7)
  4 orc priests
  An iguana (D:4)
  5 orc wizards
  A gnoll shaman (D:7)
  13 worker ants
  A big kobold zombie (Ossuary)
  4 sheep (D:7)
  2 mummies (Ossuary)
  A hound skeleton (D:4)
  6 gnolls
  10 adders
  3 shadow imps
  An adder skeleton (D:6)
  5 adder zombies
  3 worms
  5 giant geckos
  23 orcs
  7 giant cockroaches
  2 gnoll zombies (Ossuary)
  8 hobgoblins
  10 jackals
  5 quokkas
  2 ball pythons
  8 bats
  4 giant newts
  6 goblins
  3 hobgoblin zombies (Ossuary)
  17 kobolds
  4 kobold zombies (Ossuary)
  3 orc zombies (Ossuary)
  A quokka skeleton (D:5)
  11 rats
  3 butterflies (D:6)
233 creatures vanquished.

Vanquished Creatures (collateral kills)
  A water moccasin zombie (Ossuary)
  An adder zombie (Ossuary)
2 creatures vanquished.

Vanquished Creatures (others)
  3 fungi (D:7)
3 creatures vanquished.

Grand Total: 238 creatures vanquished

Notes
Turn   | Place    | Note
--------------------------------------------------------------
     0 | D:1      | Nakatomy the Deep Elf Wizard began the quest for the Orb.
     0 | D:1      | Reached XP level 1. HP: 10/10 MP: 7/7
   205 | D:1      | Reached skill level 5 in Spellcasting
   207 | D:1      | Reached XP level 2. HP: 15/15 MP: 0/10
   903 | D:1      | Reached XP level 3. HP: 19/19 MP: 4/11
  1086 | D:1      | Learned a level 3 spell: Conjure Flame
  1324 | D:2      | Noticed Ijyb
  1451 | D:2      | Found a faded altar to an unknown god.
  1679 | D:2      | Found a bloodstained altar of Trog.
  2204 | D:2      | Reached XP level 4. HP: 24/24 MP: 5/13
  2585 | D:2      | Reached skill level 6 in Spellcasting
  2904 | D:2      | Learned a level 3 spell: Mephitic Cloud
  2913 | D:3      | Reached XP level 5. HP: 17/28 MP: 9/15
  3842 | D:3      | Found a sacrificial altar of Ru.
  4347 | D:4      | Reached skill level 7 in Spellcasting
  4466 | D:4      | Reached XP level 6. HP: 17/32 MP: 9/18
  4674 | D:4      | Reached skill level 5 in Conjurations
  4757 | D:4      | Noticed an ogre
  4966 | D:4      | Noticed a phantom
  5078 | D:4      | Killed an ogre
  5338 | D:4      | Reached skill level 8 in Spellcasting
  5347 | D:4      | Learned a level 2 spell: Slow
  5553 | D:5      | Entered Level 5 of the Dungeon
  5577 | D:5      | Reached XP level 7. HP: 36/36 MP: 9/20
  5759 | D:5      | Found a stormy altar of Qazlal.
  5771 | D:5      | Found Efrana's Gadget Emporium.
  5780 | D:5      | Noticed an air elemental
  5787 | D:5      | Noticed a water elemental
  5788 | D:5      | Noticed a fire elemental
  5819 | D:5      | Found a shattered altar of Ashenzari.
  5910 | D:5      | You fall through a shaft for 2 floors!
  5910 | D:7      | Found a blossoming altar of Fedhas.
  5917 | D:6      | Noticed a wyvern
  6391 | D:5      | Reached skill level 9 in Spellcasting
  6736 | D:6      | Reached XP level 8. HP: 30/41 MP: 0/23
  7039 | D:6      | Found Vyxuat's Antique Armour Boutique.
  7049 | D:6      | Bought a warped leather armour for 168 gold pieces
  7059 | D:6      | Identified the cursed +1 leather armour "Urruy" {Dex+4} (You bought it in a shop on level 6 of the Dungeon)
  7286 | D:5      | Reached skill level 5 in Dodging
  7941 | D:6      | Found a staircase to the Ecumenical Temple.
  7950 | Temple   | Entered the Ecumenical Temple
  7972 | Temple   | Became a worshipper of Kikubaaqudgha
  8671 | D:6      | Bought a pair of glowing gloves for 108 gold pieces
  8744 | D:6      | Killed a wyvern
  8847 | D:6      | Learned a level 2 spell: Blink
  8921 | D:6      | Found a runed door.
  8926 | D:6      | Found a runed door.
  9507 | D:6      | Reached XP level 9. HP: 45/45 MP: 16/24
  9750 | D:6      | Found a snail-covered altar of Cheibriados.
 10312 | D:7      | Noticed a human
 10340 | D:7      | Reached skill level 10 in Dodging
 10445 | D:7      | Killed a human
 10937 | D:7      | Reached skill level 11 in Dodging
 11343 | D:7      | Learned a level 2 spell: Repel Missiles
 12163 | D:8      | Acquired Kikubaaqudgha's first power
 12163 | D:8      | Received a gift from Kikubaaqudgha
 12163 | D:8      | Reached skill level 1 in Necromancy
 12164 | D:8      | Identified Kikubaaqudgha's Papyrus of Evil (Kikubaaqudgha gifted it to you on level 8 of the Dungeon)
 12168 | D:8      | Learned a level 2 spell: Corpse Rot
 12172 | D:8      | Learned a level 3 spell: Regeneration
 12192 | D:8      | Learned a level 2 spell: Sublimation of Blood
 12224 | D:8      | Reached skill level 1 in Fighting
 12324 | D:8      | Found a sand-covered staircase.
 12332 | Ossuary  | Entered an ossuary
 12341 | Ossuary  | Learned a level 4 spell: Control Undead
 13227 | D:8      | Reached XP level 10. HP: 54/54 MP: 23/25
 13240 | D:8      | Noticed a centaur zombie
 13320 | D:8      | Noticed a griffon
 13321 | D:8      | Found a huge runed gate.
 13321 | D:8      | Found a huge runed gate.
 13321 | D:8      | Found a huge runed gate.
 13329 | D:8      | Found a huge runed gate.
 13358 | D:8      | Killed a centaur zombie
 13689 | D:8      | Found a deep blue altar of Sif Muna.
 13788 | D:8      | Found a glowing silver altar of Zin.
 14092 | D:8      | Reached skill level 5 in Necromancy
 14208 | D:9      | Noticed Erolcha
 14424 | D:9      | Found a staircase to the Orcish Mines.
 14424 | D:9      | Found Faoj's Assorted Antiques.
 14464 | D:9      | Slain by a warg

Vault maps used:
D:1:      dpeg_arrival_tiny_k, st_stairs_4
D:2:      lemuel_round_altar, ecumenical_altar_2, uniq_iyjb
D:3:      nicolae_ru_the_path_less_chosen, first_bread
D:4:      tso_oasis_becter
D:5:      evilmike_ruin_ashenzari, serial_shops, kennysheep_mini,
          nicolae_qazlal_style_of_elements
D:6:      lemuel_insect_pit, minmay_temple_entry_poolview, basic_altar,
          serial_shops, nicolae_shop_statue_plus
D:7:      fedhas_altar_3, grunt_livestock, minmay_misc_feat_rows
D:8:      lemuel_bear_cage, led_sif_pool, nicolae_overflow_hidden_temple,
          nicolae_ossuary_entry_monument
D:9:      minmay_orc_entry_guard_dogs, serial_shops, shop,
          minmay_misc_feat_columns, uniq_psyche, uniq_erolcha
Temple:   temple_eino_lava_12
Ossuary:  ossuary_tomb_2

Action                   |  1- 3 |  4- 6 |  7- 9 | 10-12 || total
-------------------------+-------+-------+-------+-------++-------
Melee: Short sword       |     6 |     3 |     1 |    10 ||    20
       Unarmed           |     2 |       |       |       ||     2
 Cast: Magic Dart        |   132 |   168 |   520 |   115 ||   935
       Conjure Flame     |     4 |     3 |    53 |     6 ||    66
       Mephitic Cloud    |       |     8 |     5 |       ||    13
       Blink             |       |       |     3 |       ||     3
       Slow              |       |       |     2 |       ||     2
       Control Undead    |       |       |     2 |       ||     2
       Repel Missiles    |       |       |     1 |       ||     1
       Sublimation of Bl |       |       |     1 |       ||     1
       Regeneration      |       |       |       |     1 ||     1
  Use: Potion            |       |       |     4 |       ||     4
       Scroll            |       |       |    13 |       ||    13
  Eat: Chunk             |     4 |     7 |    13 |     3 ||    27
       Pizza             |       |     2 |     1 |       ||     3
       Beef jerky        |       |       |     2 |     1 ||     3
       Meat ration       |       |       |     1 |       ||     1
